%YAML 1.1
%TAG !u! tag:unity3d.com,2011:
--- !u!1 &3460775632270703011
GameObject:
  m_ObjectHideFlags: 0
  m_CorrespondingSourceObject: {fileID: 0}
  m_PrefabInstance: {fileID: 0}
  m_PrefabAsset: {fileID: 0}
  serializedVersion: 6
  m_Component:
  - component: {fileID: 3460775632270703036}
  - component: {fileID: 3460775632270703038}
  - component: {fileID: 3460775632270703037}
  m_Layer: 0
  m_Name: 'Lighting: Selecting next stage'
  m_TagString: Untagged
  m_Icon: {fileID: 0}
  m_NavMeshLayer: 0
  m_StaticEditorFlags: 0
  m_IsActive: 1
--- !u!4 &3460775632270703036
Transform:
  m_ObjectHideFlags: 0
  m_CorrespondingSourceObject: {fileID: 0}
  m_PrefabInstance: {fileID: 0}
  m_PrefabAsset: {fileID: 0}
  m_GameObject: {fileID: 3460775632270703011}
  m_LocalRotation: {x: -0, y: -0, z: -0, w: 1}
  m_LocalPosition: {x: 0, y: 0, z: 0}
  m_LocalScale: {x: 1, y: 1, z: 1}
  m_ConstrainProportionsScale: 0
  m_Children: []
  m_Father: {fileID: 3460775633772954160}
  m_RootOrder: 1
  m_LocalEulerAnglesHint: {x: 0, y: 0, z: 0}
--- !u!114 &3460775632270703038
MonoBehaviour:
  m_ObjectHideFlags: 0
  m_CorrespondingSourceObject: {fileID: 0}
  m_PrefabInstance: {fileID: 0}
  m_PrefabAsset: {fileID: 0}
  m_GameObject: {fileID: 3460775632270703011}
  m_Enabled: 1
  m_EditorHideFlags: 0
  m_Script: {fileID: 11500000, guid: 5f3342e3b18f48b3a6370cbfe5cb13c4, type: 3}
  m_Name: 
  m_EditorClassIdentifier: 
  identifier: 
  stepsHolder: {fileID: 0}
  endsAfterComplete: 1
  description: Selecting next stage
  onBegin:
    m_PersistentCalls:
      m_Calls: []
  onEnd:
    m_PersistentCalls:
      m_Calls: []
  onComplete:
    m_PersistentCalls:
      m_Calls: []
--- !u!114 &3460775632270703037
MonoBehaviour:
  m_ObjectHideFlags: 0
  m_CorrespondingSourceObject: {fileID: 0}
  m_PrefabInstance: {fileID: 0}
  m_PrefabAsset: {fileID: 0}
  m_GameObject: {fileID: 3460775632270703011}
  m_Enabled: 1
  m_EditorHideFlags: 0
  m_Script: {fileID: 11500000, guid: ec0b76a7489946298af4c8318bae42d0, type: 3}
  m_Name: 
  m_EditorClassIdentifier: 
  identifier: 
  stepsHolder: {fileID: 0}
  endsAfterComplete: 1
  description: Looking at the stage overview and selecting stage
  onBegin:
    m_PersistentCalls:
      m_Calls: []
  onEnd:
    m_PersistentCalls:
      m_Calls: []
  onComplete:
    m_PersistentCalls:
      m_Calls: []
--- !u!1 &3460775633772954167
GameObject:
  m_ObjectHideFlags: 0
  m_CorrespondingSourceObject: {fileID: 0}
  m_PrefabInstance: {fileID: 0}
  m_PrefabAsset: {fileID: 0}
  serializedVersion: 6
  m_Component:
  - component: {fileID: 3460775633772954160}
  - component: {fileID: 3460775633772954161}
  m_Layer: 0
  m_Name: LU_Lighting (static)
  m_TagString: Untagged
  m_Icon: {fileID: 0}
  m_NavMeshLayer: 0
  m_StaticEditorFlags: 0
  m_IsActive: 1
--- !u!4 &3460775633772954160
Transform:
  m_ObjectHideFlags: 0
  m_CorrespondingSourceObject: {fileID: 0}
  m_PrefabInstance: {fileID: 0}
  m_PrefabAsset: {fileID: 0}
  m_GameObject: {fileID: 3460775633772954167}
  m_LocalRotation: {x: -0, y: -0, z: -0, w: 1}
  m_LocalPosition: {x: 0.44272482, y: 1.4317994, z: 1.7864069}
  m_LocalScale: {x: 1, y: 1, z: 1}
  m_ConstrainProportionsScale: 0
  m_Children:
  - {fileID: 3460775634352039917}
  - {fileID: 3460775632270703036}
  m_Father: {fileID: 0}
  m_RootOrder: 0
  m_LocalEulerAnglesHint: {x: 0, y: 0, z: 0}
--- !u!114 &3460775633772954161
MonoBehaviour:
  m_ObjectHideFlags: 0
  m_CorrespondingSourceObject: {fileID: 0}
  m_PrefabInstance: {fileID: 0}
  m_PrefabAsset: {fileID: 0}
  m_GameObject: {fileID: 3460775633772954167}
  m_Enabled: 1
  m_EditorHideFlags: 0
  m_Script: {fileID: 11500000, guid: 1cb751f3fa55450c8d75c62efdc05914, type: 3}
  m_Name: 
  m_EditorClassIdentifier: 
  identifier: lighting
  stepsHolder: {fileID: 0}
  endsAfterComplete: 0
  description: Introduction into (Local) Lighting
  onBegin:
    m_PersistentCalls:
      m_Calls: []
  onEnd:
    m_PersistentCalls:
      m_Calls: []
  onComplete:
    m_PersistentCalls:
      m_Calls: []
--- !u!1 &3460775634352039916
GameObject:
  m_ObjectHideFlags: 0
  m_CorrespondingSourceObject: {fileID: 0}
  m_PrefabInstance: {fileID: 0}
  m_PrefabAsset: {fileID: 0}
  serializedVersion: 6
  m_Component:
  - component: {fileID: 3460775634352039917}
  - component: {fileID: 3460775634352039913}
  - component: {fileID: 3460775634352039912}
  - component: {fileID: 3460775634352039919}
  - component: {fileID: 3460775634352039918}
  m_Layer: 0
  m_Name: Introduction
  m_TagString: Untagged
  m_Icon: {fileID: 0}
  m_NavMeshLayer: 0
  m_StaticEditorFlags: 0
  m_IsActive: 1
--- !u!4 &3460775634352039917
Transform:
  m_ObjectHideFlags: 0
  m_CorrespondingSourceObject: {fileID: 0}
  m_PrefabInstance: {fileID: 0}
  m_PrefabAsset: {fileID: 0}
  m_GameObject: {fileID: 3460775634352039916}
  m_LocalRotation: {x: 0, y: 0, z: 0, w: 1}
  m_LocalPosition: {x: 0, y: 0, z: 0}
  m_LocalScale: {x: 1, y: 1, z: 1}
  m_ConstrainProportionsScale: 0
  m_Children: []
  m_Father: {fileID: 3460775633772954160}
  m_RootOrder: 0
  m_LocalEulerAnglesHint: {x: 0, y: 0, z: 0}
--- !u!114 &3460775634352039913
MonoBehaviour:
  m_ObjectHideFlags: 0
  m_CorrespondingSourceObject: {fileID: 0}
  m_PrefabInstance: {fileID: 0}
  m_PrefabAsset: {fileID: 0}
  m_GameObject: {fileID: 3460775634352039916}
  m_Enabled: 1
  m_EditorHideFlags: 0
  m_Script: {fileID: 11500000, guid: 5f3342e3b18f48b3a6370cbfe5cb13c4, type: 3}
  m_Name: 
  m_EditorClassIdentifier: 
  identifier: lighting
  stepsHolder: {fileID: 0}
  endsAfterComplete: 1
  description: Understanding local lighting
  onBegin:
    m_PersistentCalls:
      m_Calls: []
  onEnd:
    m_PersistentCalls:
      m_Calls: []
  onComplete:
    m_PersistentCalls:
      m_Calls: []
--- !u!114 &3460775634352039912
MonoBehaviour:
  m_ObjectHideFlags: 0
  m_CorrespondingSourceObject: {fileID: 0}
  m_PrefabInstance: {fileID: 0}
  m_PrefabAsset: {fileID: 0}
  m_GameObject: {fileID: 3460775634352039916}
  m_Enabled: 1
  m_EditorHideFlags: 0
  m_Script: {fileID: 11500000, guid: ec0b76a7489946298af4c8318bae42d0, type: 3}
  m_Name: 
  m_EditorClassIdentifier: 
  identifier: explanation
  stepsHolder: {fileID: 0}
  endsAfterComplete: 1
  description: Explanation about lighting shader
  onBegin:
    m_PersistentCalls:
      m_Calls: []
  onEnd:
    m_PersistentCalls:
      m_Calls: []
  onComplete:
    m_PersistentCalls:
      m_Calls: []
--- !u!114 &3460775634352039919
MonoBehaviour:
  m_ObjectHideFlags: 0
  m_CorrespondingSourceObject: {fileID: 0}
  m_PrefabInstance: {fileID: 0}
  m_PrefabAsset: {fileID: 0}
  m_GameObject: {fileID: 3460775634352039916}
  m_Enabled: 1
  m_EditorHideFlags: 0
  m_Script: {fileID: 11500000, guid: ec0b76a7489946298af4c8318bae42d0, type: 3}
  m_Name: 
  m_EditorClassIdentifier: 
  identifier: observation
  stepsHolder: {fileID: 0}
  endsAfterComplete: 1
  description: Observing the light turning on and off
  onBegin:
    m_PersistentCalls:
      m_Calls: []
  onEnd:
    m_PersistentCalls:
      m_Calls: []
  onComplete:
    m_PersistentCalls:
      m_Calls: []
--- !u!114 &3460775634352039918
MonoBehaviour:
  m_ObjectHideFlags: 0
  m_CorrespondingSourceObject: {fileID: 0}
  m_PrefabInstance: {fileID: 0}
  m_PrefabAsset: {fileID: 0}
  m_GameObject: {fileID: 3460775634352039916}
  m_Enabled: 1
  m_EditorHideFlags: 0
  m_Script: {fileID: 11500000, guid: ec0b76a7489946298af4c8318bae42d0, type: 3}
  m_Name: 
  m_EditorClassIdentifier: 
  identifier: sun
  stepsHolder: {fileID: 0}
  endsAfterComplete: 1
  description: Looking at the sun
  onBegin:
    m_PersistentCalls:
      m_Calls: []
  onEnd:
    m_PersistentCalls:
      m_Calls: []
  onComplete:
    m_PersistentCalls:
      m_Calls: []
